 Dungeon Crawl Stone Soup version 0.25.0-26-g0c896c7088 (webtiles) character file.

Game seed: 8210981854726378470

179 MisterFreud the Digger (level 5, -2/45 HPs)
             Began as a Ghoul Earth Elementalist on July 2, 2020.
             Slain by a worker ant (6 damage)
             ... on level 3 of the Dungeon.
             The game lasted 00:06:55 (3450 turns).

MisterFreud the Digger (Ghoul Earth Elementalist)   Turns: 3450, Time: 00:06:56

Health: -2/45      AC:  2    Str: 12    XL:     5   Next: 59%
Magic:  1/8        EV: 12    Int: 11    God:
Gold:   103        SH:  0    Dex:  9    Spells: 5/9 levels left

rFire    . . .     SeeInvis .   n - +0 morningstar
rCold    + . .     Gourm    .   (no shield)
rNeg     + + +     Faith    .   c - +0 robe
rPois    ∞         Spirit   .   (no helmet)
rElec    .         Reflect  .   (no cloak)
rCorr    .         Harm     .   (no gloves)
MR       .....                  (no boots)
Stlth    ++........             (no amulet)
HPRegen  0.00/turn              (no ring)
MPRegen  0.11/turn              (no ring)

@: rotting
A: rotting body, claws 1, carnivore, cold resistance 1, negative energy
resistance 3, inhibited regeneration, torment resistance, unbreathing
a: no special abilities


You were on level 3 of the Dungeon.
You were not hungry.

You visited 1 branch of the dungeon, and saw 4 of its levels.

You collected 103 gold pieces.

Inventory:

Hand Weapons
 n - a +0 morningstar (weapon)
 t - a +0 dagger of venom
Missiles
 b - 88 stones (quivered)
 l - 9 poisoned darts
Armour
 c - a +0 robe (worn)
Jewellery
 m - an uncursed amulet of faith {unknown}
Scrolls
 g - a scroll of magic mapping {unknown}
 k - 2 scrolls of amnesia {unknown}
 o - 2 scrolls of identify {unknown}
 r - a scroll of blinking {unknown}
 s - a scroll of remove curse {unknown}
Potions
 a - 3 potions of might {unknown}
 e - a potion of mutation {unknown}
 h - 3 potions of heal wounds {unknown}
 i - 2 potions of brilliance {unknown}
 j - a potion of curing {unknown}
 p - 2 potions of magic {unknown}
Comestibles
 d - a ration


   Skills:
 - Level 3.0 Fighting
 - Level 1.7 Dodging
 - Level 2.1 Stealth
 + Level 2.8 Spellcasting
   Level 0.8 Transmutations
 - Level 5.0 Earth Magic


You had 5 spell levels left.
You knew the following spells:

 Your Spells              Type           Power        Failure   Level  Hunger
a - Sandblast             Erth           ##....       3%          1    #......
b - Stone Arrow           Conj/Erth      #.....       28%         3    ###....

Your spell library contained the following spells:

 Spells                   Type           Power        Failure   Level  Hunger
 Passwall                 Tmut/Erth      #.......     12%         2    ###....
 Petrify                  Tmut/Erth      #.......     63%         4    #####..
 Lee's Rapid Deconstruct  Erth           ##........   67%         5    ######.


Dungeon Overview and Level Annotations

Branches:
Dungeon (4/15)
 Temple: D:4-7

Altars:

Annotations:
D:1 Terence


Innate Abilities, Weirdness & Mutations

Your body is rotting away.
You thrive on raw meat.
You are immune to poison.
You have sharp fingernails.
You are carnivorous and can eat meat at any time.
Your flesh is cold resistant. (rC+)
You are immune to negative energy. (rN+++)
You do not regenerate when monsters are visible.
You are immune to unholy pain and torment.
You can survive without breathing.


Message History

b - 89 stones The worker ant closely misses you.
Casting: Sandblast (safe; 3% risk of failure)
Confirm with . or Enter, or press ? or * to list all spells.
Aiming: Sandblast (safe; 3% risk of failure)
Press: ? - help, Shift-Dir - straight line, f/p - worker ant
Aim: a worker ant (heavily wounded)
The blast of sand hits the worker ant.
The worker ant is heavily wounded.
b - 88 stones The worker ant bites you.
* * * LOW HITPOINT WARNING * * *
You hit the worker ant.
The worker ant is heavily wounded.
The worker ant barely misses you. The worker ant bites you.
* * * LOW HITPOINT WARNING * * *
You hit the worker ant but do no damage.
The worker ant is heavily wounded.
The worker ant misses you. The worker ant bites you.
You die...
P

###.##.###.#.##
###..##.# ##..###
#.#.###.# #....<#
#.#.###.# #.....#
#.......# #.....#
####.##### #.....#
#.......# #.....#
#.##.##.# ####### #
#.##@##.# # #.##a##.#
# #......>##########
# #.##.#..##.......#
#
#...........####.####
#.##.....#).#........
#.####.#.#..#.##.####
#.####.#......##.#
#)..........####.#


You could see a worker ant.

Vanquished Creatures
  An orc priest (D:3)
  A howler monkey skeleton (D:2)
  3 gnolls
  6 adders
  A dart slug (D:3)
  5 orcs (D:3)
  5 bats
  4 giant cockroaches
  3 goblins
  6 hobgoblins
  6 jackals
  A quokka (D:3)
  A ball python (D:2)
  3 frilled lizards
  A kobold (D:1)
  6 rats
53 creatures vanquished.

Notes
Turn   | Place    | Note
-------+----------+-------------------------------------------
     0 | D:1      | MisterFreud the Ghoul Earth Elementalist began the quest
                  | for the Orb.
     0 | D:1      | Reached XP level 1. HP: 14/14 MP: 2/2
   109 | D:1      | Reached skill level 1 in Fighting
   144 | D:1      | Reached XP level 2. HP: 21/24 MP: 0/3
  1099 | D:2      | Reached XP level 3. HP: 29/31 MP: 1/4
  1134 | D:2      | Noticed Terence
  1391 | D:2      | Learned a level 3 spell: Stone Arrow
  1745 | D:2      | Reached skill level 4 in Earth Magic
  2029 | D:3      | Reached XP level 4. HP: 22/37 MP: 5/5
  3052 | D:2      | Reached skill level 5 in Earth Magic
  3052 | D:2      | Reached XP level 5. HP: 30/45 MP: 6/6
  3450 | D:3      | Slain by a worker ant

Illustrated notes

Levels and vault maps discovered:
D:1:      minmay_arrival_loop, layout_basic
D:2:      layout_rooms, chequers_ecumenical_altar_twisty, uniq_terence
D:3:      layout_loops_cross, serial_aquarium, aquarium_bridge_square
          [aquarium_subvault_wall, aquarium_subvault_wall,
          aquarium_subvault_bridge, aquarium_subvault_bridge],
          aquarium_window_double, aquarium_window_corner, aquarium_window_fake,
          aquarium_view_2b, aquarium_view_4, aquarium_pool_2
D:4:      layout_cave_pools, minmay_temple_entry_enclosed_plants, tgw_sif,
          uniq_crazy_yiuf_cottage

Skill      XL: |  1  2  3  4  5 |
---------------+----------------+-----
Fighting       | 1 3 |  3.0
Earth Magic    | 4 5 |  5.0
Spellcasting   | 2 |  2.8
Dodging        | |  1.7
Stealth        | |  2.1
Transmutations | |  0.8

Action                   |  1- 3 |  4- 6 || total
-------------------------+-------+-------++-------
Melee: Unarmed           |    17 |       ||    17
       Club              |     2 |       ||     2
       Dagger            |   133 |     3 ||   136
       Morningstar       |       |    95 ||    95
 Cast: Sandblast         |    23 |    30 ||    53
 Stab: Sleeping          |     3 |       ||     3
  Eat: Chunk             |     9 |    26 ||    35
Armor: Robe              |    51 |    26 ||    77
Dodge: Dodged            |   116 |   101 ||   217
